AoeStats
← Pielover757

Nomad

509835350Analyzed
3v3 RM · 5d ago on Sep 28, 2026· 24m 44s· 6 players
Game mode
Random Map
Map size
210×210
Population
200
Speed
Normal
Resources
Standard
Victory
Conquest
Starting age
Dark Age
Ending age
Imperial Age
RankedLock teamsTeams togetherTeam positionsShared explorationLock speedFull tech treeHidden civsTurbo modeCheats
Victory
Defeat
🇺🇸 Huns · United States
1590
+17
🇭🇰 Mongols · Hong Kong SAR China
1570
+18
🇱🇻 Persians · Latvia
1455
+21
🇫🇷 Italians · France
1639
-20
🇦🇷 Varangians · Argentina
1611
-19
🇿🇦 Italians · South Africa
1563
-17
iFxrY
11:25 Loom
14:37 Feudal Age
15:24 Double-Bit Axe
15:44 Gold Mining
18:27 Castle Age
17:26 Forging
17:04 Fishing Lines
20:07 Medium Warships
20:07 Scale Barding Armor
22:09 Light Cavalry
Pielover757
4:44 Loom
12:53 Feudal Age
13:35 Double-Bit Axe
14:54 Town Watch
16:03 Fishing Lines
19:04 Castle Age
17:24 Fletching
18:39 Stone Mining
21:50 Bodkin Arrow
风骚的女农民
3:58 Loom
13:40 Feudal Age
17:13 Castle Age
16:17 Double-Bit Axe
19:28 Scale Barding Armor
19:34 Forging
Liangyu
4:32 Loom
12:09 Feudal Age
12:38 Town Watch
15:48 Castle Age
14:52 Double-Bit Axe
22:04 Horse Collar
GirlWonder_
4:17 Loom
12:38 Feudal Age
13:33 Town Watch
16:18 Castle Age
14:33 Double-Bit Axe
17:40 Wheelbarrow
22:43 Gold Mining
mochichi4
4:52 Loom
13:15 Feudal Age
16:59 Castle Age
14:56 Double-Bit Axe
15:35 Gold Mining
16:45 Forging
17:21 Fishing Lines
18:37 Medium Warships
20:58 Wheelbarrow
21:58 Town Watch
22:07 Stone Mining
22:53 Gold Shaft Mining
23:20 Fletching
24:37 Bow Saw
24:08 Horse Collar
25:16 Heavy Plow
Connection lost

Rejoining the realm…

Still unreachable

The connection could not be restored.

Session expired

The server has moved on; the page needs a fresh start.